 Dungeon Crawl Stone Soup version 0.18-a0-946-g3ac5b32 (webtiles) character file.

14177 JokEr the Warrior (level 11, -6/114 HPs)
             Began as a Minotaur Fighter on Dec 29, 2015.
             Was a High Priest of Okawaru.
             Mangled by a hill giant
             ... wielding a +0 giant spiked club
              (20 damage)
             ... on level 10 of the Dungeon.
             The game lasted 00:26:39 (11928 turns).

JokEr the Warrior (Minotaur Fighter)               Turns: 11928, Time: 00:26:39

Health: -6/114     AC: 12    Str: 31    XL:     11   Next: 85%
Magic:  10/10      EV:  8    Int:  5    God:    Okawaru [*****.]
Gold:   858        SH: 10    Dex: 10    Spells: 0 memorised, 10 levels left

rFire  . . .     SeeInvis +     I - +5 war axe "Goblinbane" {chop, rElec rC- Str+2}
rCold  x . .     Gourm    .     M - +2 scale mail of the Beggar {Str+5 SInv}
rNeg   . . .     Faith    +     c - +0 shield
rPois  +         Spirit   .     v - +2 hat
rElec  +         Dismiss  .     (no cloak)
rCorr  .         Reflect  .     b - +0 pair of gloves
SustAt .         Harm     .     (no boots)
MR     .....                    u - amulet of faith
Stlth  ..........               j - +1 ring of evasion
                                k - ring of poison resistance

@: not resistant to hostile enchantments, extremely unstealthy
A: retaliatory headbutt, horns 2
a: Heroism, Finesse, Renounce Religion


You were on level 10 of the Dungeon.
You worshipped Okawaru.
Okawaru was extremely pleased with you.
You were not hungry.

You visited 3 branches of the dungeon, and saw 12 of its levels.
You also visited: Volcano.

You collected 858 gold pieces.

Inventory:

Hand Weapons
 I - the +5 war axe "Goblinbane" (weapon) {chop, rElec rC- Str+2}
   (Okawaru gifted it to you on level 10 of the Dungeon)

   It inflicts extra damage upon your enemies.
   It affects your strength (+2).
   It makes you vulnerable to cold.
   It insulates you from electricity.
Armour
 b - a +0 pair of gloves (worn)
 c - a +0 shield (worn)
 v - a +2 hat (worn)
 M - the +2 scale mail of the Beggar (worn) {Str+5 SInv}
   (Okawaru gifted it to you in a volcano)

   It affects your strength (+5).
   It lets you see invisible.
Jewellery
 j - a +1 ring of evasion (right hand)
 k - a ring of poison resistance (left hand)
 m - an uncursed ring of wizardry
 u - an amulet of faith (around neck)
 E - an uncursed amulet of harm {unknown}
Wands
 i - a wand of slowing (15/48)
 o - a wand of slowing (27/48)
 y - a wand of digging (10/24)
Scrolls
 d - 5 scrolls of teleportation
 p - 3 scrolls of remove curse
 t - a scroll of amnesia
 w - 2 scrolls of fog
 C - a scroll of enchant weapon
 F - a scroll of fear
 L - 2 scrolls of identify
Potions
 e - 4 potions of curing
 n - 2 potions of flight
 q - 2 potions of agility {unknown}
 z - 2 potions of haste
 A - 3 potions of might
 B - a potion of brilliance
 D - a potion of ambrosia {unknown}
 G - 2 potions of berserk rage {unknown}
 H - a potion of magic {unknown}
 J - a potion of heal wounds {unknown}
 K - a potion of degeneration {unknown}
Books
 a - a book of Death

   Spells                             Type                      Level
   a - Corpse Rot                     Necromancy                   2
   b - Sublimation of Blood           Necromancy                   2
   c - Agony                          Necromancy                   5
   d - Dispel Undead                  Necromancy                   5
   e - Excruciating Wounds            Charms/Necromancy            5
   f - Bolt of Draining               Conjuration/Necromancy       5
 r - the Almanac of Translocation
   (You found it on level 1 of the Lair of Beasts)

   Spells                             Type                      Level
   a - Shroud of Golubria             Charms/Translocation         2
   b - Portal Projectile              Translocation                3
   c - Warp Weapon                    Charms/Translocation         5
 s - a book of Party Tricks

   Spells                             Type                      Level
   a - Summon Butterflies             Summoning                    1
   b - Apportation                    Translocation                1
   c - Tukima's Dance                 Hexes                        3
   d - Alistair's Intoxication        Transmutation/Poison         4
   e - Invisibility                   Hexes                        6
Comestibles
 f - 10 bread rations
 g - 7 beef jerkies
 h - a royal jelly
 l - 5 meat rations


   Skills:
 + Level 15.7 Fighting
 + Level 15.5 Axes
 - Level 3.6 Armour
 - Level 3.6 Shields


You had 10 spell levels left.
You didn't know any spells.

Dungeon Overview and Level Annotations

Branches:
Dungeon (10/15)            Temple (1/1) D:5            Lair (1/8) D:10
    Orc (0/2) D:9

Altars:
Ashenzari
Cheibriados
Dithmenos
Elyvilon
Fedhas
Gozag
Kikubaaqudgha
Makhleb
Nemelex Xobeh
Okawaru
Pakellas
Qazlal
Ru
Sif Muna
Trog
Vehumet
Xom
Yredelemnul
Zin
The Shining One

Shops:
D:8 [

Annotations:
D:10 Maurice


Innate Abilities, Weirdness & Mutations

You reflexively headbutt those who attack you in melee.
You have a pair of horns on your head.


Message History

You slash the hill giant! You headbutt the hill giant.
The hill giant is moderately wounded.
You completely miss the hill giant. You headbutt the hill giant.
The hill giant is heavily wounded.
The hill giant hits you with a giant spiked club!!
You slash the hill giant! You headbutt the hill giant.
The hill giant is severely wounded.
You hit the hill giant.
The hill giant is almost dead.
The hill giant hits you with a giant spiked club!!
You hit the hill giant. You headbutt the hill giant.
The hill giant is almost dead.
You barely miss the hill giant. Your headbutt misses the hill giant.
The hill giant is almost dead.
The hill giant hits you with a giant spiked club!!
* * * LOW HITPOINT WARNING * * *
You barely miss the hill giant.
The hill giant is almost dead.
The hill giant hits you with a giant spiked club!!
You die...

.#...........≈≈.≈.≈≈≈..........#.
........##...≈≈.≈.≈≈≈≈≈≈.##....#.
............≈≈≈≈≈.≈≈≈≈.........#.
.##.#.#.##..≈≈≈≈≈.≈≈≈..≈.###...#.
.............≈≈≈≈.≈≈.≈≈...##...#.
.##.#.#.##...≈≈≈...≈≈≈≈...##...#.
.##.#.#.##..≈≈≈...≈≈≈≈≈≈..##...##
............≈≈≈.≈..≈≈≈≈≈≈.##.....
.##^#...##≈.≈≈≈C@..≈≈≈≈≈≈........
...........≈≈≈.≈.>..≈≈≈≈≈........
............≈≈≈....≈≈≈≈≈≈.#######
.#..#...##.≈≈≈≈.≈.≈.≈≈≈≈≈........
.#..#...#....≈≈≈≈≈≈≈≈≈≈≈≈........
.#..#...#....≈≈≈≈≈≈≈≈≈..≈.#######
............≈≈.≈.≈≈≈≈≈....#######
.#.#..........≈.≈≈≈≈.≈≈..##......
........#..≈..≈.≈.≈..≈...##.#####


You could see a hill giant.

Vanquished Creatures
  A centaur warrior (D:10)
  A hill giant (D:10)
  A lindwurm (Volcano)
  Pikel (D:6)
  A centaur zombie (D:10)
  2 molten gargoyles (Volcano)
  A komodo dragon (Lair:1)
  2 spiny frogs (Lair:1)
  2 fire drakes (Volcano)
  Prince Ribbit (D:8)
  A two-headed ogre (D:10)
  A troll (D:10)
  Sigmund (D:2)
  A wyvern (D:10)
  5 yaks (D:9)
  Eustachio (D:6)
  A steam dragon (D:10)
  6 hippogriffs
  7 fire bats (Volcano)
  2 wolves
  Menkaure (D:5)
  A mottled dragon (Volcano)
  4 water moccasins
  6 orc warriors
  Duvessa (D:6)
  2 porcupines (Lair:1)
  A black bear (D:10)
  6 ogres
  3 sky beasts
  4 ice beasts
  2 phantoms
  2 centaurs
  7 giant frogs
  2 scorpions
  A big kobold (D:7)
  7 wights (D:8)
  3 killer bees (D:7)
  Dowan (D:6)
  4 electric eels
  2 giant frog zombies
  A lava snake (Volcano)
  A crimson imp (D:9)
  A jelly (D:8)
  A giant frog skeleton (D:5)
  8 hounds
  7 orc priests
  2 centaur skeletons
  Jessica (D:2)
  Natasha (thrice) (D:2)
  Terence (D:2)
  8 orc wizards
  An iguana (D:9)
  9 worker ants
  A statue (D:8)
  A killer bee zombie (D:8)
  17 adders
  3 gnolls (D:5)
  A shadow imp (D:10)
  A worm (D:2)
  An adder skeleton (D:5)
  7 giant geckos
  53 orcs
  2 ball pythons
  9 bats
  4 giant cockroaches
  5 hobgoblins
  11 jackals
  3 quokkas
  4 giant newts
  3 goblins
  6 kobolds
  A quokka skeleton (D:8)
  7 rats
283 creatures vanquished.

Vanquished Creatures (others)
  A giant gecko (D:6)
  An orc (D:6)
2 creatures vanquished.

Grand Total: 285 creatures vanquished

Notes
Turn   | Place    | Note
--------------------------------------------------------------
     0 | D:1      | JokEr the Minotaur Fighter began the quest for the Orb.
     0 | D:1      | Reached XP level 1. HP: 19/19 MP: 0/0
   219 | D:1      | Reached XP level 2. HP: 25/27 MP: 1/1
   229 | D:1      | Reached skill level 4 in Fighting
   814 | D:2      | Noticed Jessica
   823 | D:1      | Reached XP level 3. HP: 25/34 MP: 2/2
  1018 | D:2      | Killed Jessica
  1018 | D:2      | Reached XP level 4. HP: 38/41 MP: 3/3
  1053 | D:2      | Noticed Sigmund
  1083 | D:1      | Reached skill level 5 in Fighting
  1360 | D:2      | Killed Sigmund
  1360 | D:2      | Reached skill level 6 in Fighting
  1360 | D:2      | Reached skill level 5 in Axes
  1360 | D:2      | Reached XP level 5. HP: 36/50 MP: 4/4
  1466 | D:2      | Noticed Natasha
  1472 | D:2      | Killed Natasha
  1472 | D:2      | Reached XP level 6. HP: 49/57 MP: 5/5
  1472 | D:2      | Noticed Natasha
  1479 | D:2      | Killed Natasha
  1487 | D:2      | Noticed Natasha
  1495 | D:2      | Killed Natasha
  1663 | D:2      | Noticed Terence
  1671 | D:2      | Killed Terence
  2286 | D:3      | Found a burning altar of Makhleb.
  2598 | D:4      | Reached skill level 7 in Fighting
  2663 | D:4      | Reached XP level 7. HP: 51/66 MP: 6/6
  2864 | D:4      | Found a white marble altar of Elyvilon.
  3182 | D:5      | Entered Level 5 of the Dungeon
  3292 | D:5      | Noticed Menkaure
  3297 | D:5      | Killed Menkaure
  3297 | D:5      | Reached skill level 8 in Fighting
  3613 | D:5      | Found a staircase to the Ecumenical Temple.
  3626 | Temple   | Entered the Ecumenical Temple
  3658 | Temple   | Became a worshipper of Warmaster Okawaru
  3703 | D:5      | Found a glowing golden altar of the Shining One.
  4029 | D:5      | Reached XP level 8. HP: 75/75 MP: 7/7
  4262 | D:6      | Reached skill level 9 in Fighting
  4268 | D:6      | Noticed Eustachio
  4286 | D:6      | Killed Eustachio
  4588 | D:6      | Noticed Pikel
  4599 | D:6      | Killed Pikel
  4599 | D:6      | Reached * piety under Okawaru
  4599 | D:6      | Reached skill level 10 in Fighting
  4599 | D:6      | Reached skill level 10 in Axes
  4807 | D:6      | Reached XP level 9. HP: 77/86 MP: 8/8
  4870 | D:6      | Noticed Dowan
  4871 | D:6      | Noticed Duvessa
  4875 | D:6      | Killed Dowan
  4886 | D:6      | Killed Duvessa
  4886 | D:6      | Reached ** piety under Okawaru
  5132 | D:6      | Reached skill level 11 in Fighting
  5492 | D:6      | Found an oddly glowing altar of Pakellas.
  5805 | D:7      | Found a blossoming altar of Fedhas.
  6298 | D:8      | Reached *** piety under Okawaru
  6538 | D:8      | Found a radiant altar of Vehumet.
  6603 | D:8      | Reached skill level 12 in Fighting
  6622 | D:8      | Found Sisuruq's Armour Shoppe.
  6680 | D:8      | Found an opulent altar of Gozag.
  6680 | D:8      | Found a stormy altar of Qazlal.
  7030 | D:8      | Got a slimy long sword
  7047 | D:8      | Identified the +5 long sword "Xott" {freeze, +Fly Str-4 Int+5} (You found it on level 8 of the Dungeon)
  7080 | D:8      | Noticed Prince Ribbit
  7098 | D:8      | Killed Prince Ribbit
  7098 | D:8      | Reached **** piety under Okawaru
  7219 | D:8      | Reached XP level 10. HP: 93/99 MP: 9/9
  7583 | D:9      | Found a staircase to the Orcish Mines.
  7836 | D:9      | Found a shadowy altar of Dithmenos.
  7851 | D:9      | Reached skill level 13 in Fighting
  7853 | D:9      | Reached ***** piety under Okawaru
  8502 | D:10     | Entered Level 10 of the Dungeon
  8736 | D:9      | Received a gift from Okawaru
  8868 | D:10     | Noticed a hill giant
  8877 | D:10     | Killed a hill giant
  8877 | D:10     | Reached skill level 14 in Fighting
  8916 | D:10     | Noticed Maurice
  9066 | D:10     | Received a gift from Okawaru
  9075 | D:10     | Got a bloodstained war axe {god gift}
  9080 | D:10     | Reached XP level 11. HP: 105/110 MP: 10/10
  9384 | D:10     | Found a staircase to the Lair.
  9737 | D:9      | Identified the +5 war axe "Goblinbane" {chop, rElec rC- Str+2} (Okawaru gifted it to you on level 10 of the Dungeon)
 10001 | D:10     | Noticed a centaur warrior
 10010 | D:10     | Killed a centaur warrior
 10616 | Lair:1   | Entered Level 1 of the Lair of Beasts
 10696 | Lair:1   | Identified the Almanac of Translocation
 10903 | Lair:1   | Reached skill level 15 in Fighting
 10995 | Lair:1   | Found a dark tunnel.
 11003 | Volcano  | Entered a volcano
 11248 | Volcano  | Found a radiant altar of Vehumet.
 11248 | Volcano  | Noticed a lindwurm
 11253 | Volcano  | Received a gift from Okawaru
 11259 | Volcano  | Reached skill level 15 in Axes
 11260 | Volcano  | Killed a lindwurm
 11262 | Volcano  | Got a twisted scale mail {god gift}
 11533 | Volcano  | Identified the +2 scale mail of the Beggar {Str+5 SInv} (Okawaru gifted it to you in a volcano)
 11918 | D:10     | Noticed a hill giant
 11928 | D:10     | Mangled by a hill giant

Vault maps used:
D:1:      dpeg_arrival_fog, columned_hall_lemuel
D:2:      uniq_terence, uniq_natasha, uniq_jessica, uniq_sigmund
D:3:      lemuel_crystal_altar
D:4:      kennysheep_little_box
D:5:      nicolae_tso_swordbearing_angel, minmay_temple_entry_glassed_door,
          first_bread, hangedman_decor_clover_reticule, uniq_menkaure
D:6:      grunt_pakellas_basics, uniq_pikel, uniq_eustachio, uniq_duvessa
D:7:      fedhas_altar_2, grunt_ogre_cave, hangedman_decor_points
D:8:      vehumet_statue, gammafunk_temple_overflow_wave, serial_shops,
          nicolae_shop_trees, patterned_corridor, uniq_prince_ribbit1
D:9:      grunt_dithmenos_smoke_and_mirrors, david_orc_2
D:10:     minmay_distorted_concentric_squares, erik_lair_island, uniq_maurice
Temple:   circular_temple_12
Lair:1:   nicolae_volcano_entry_lava_flow, infiniplex_staircase_pool
Volcano:  volcano_lake

Action                   |  1- 3 |  4- 6 |  7- 9 | 10-12 || total
-------------------------+-------+-------+-------+-------++-------
Melee: War axe           |    57 |    91 |   301 |   377 ||   826
Invok: Heroism           |       |       |       |     3 ||     3
  Use: Scroll            |     4 |     2 |     9 |     1 ||    16
       Potion            |       |     1 |       |     2 ||     3
  Eat: Chunk             |       |     6 |    13 |     7 ||    26
       Beef jerky        |       |       |     1 |       ||     1
       Fruit             |       |       |       |     4 ||     4
       Meat ration       |       |       |       |     1 ||     1
       Royal jelly       |       |       |       |     1 ||     1
